 Dungeon Crawl Stone Soup version 0.28-a0-1190-g77e1c55843 (webtiles) character file.

Game seed: 11147093019868143511

56 AigisTheKnight the Gusty (level 3, 0/27 HPs)
             Began as a Draconian Air Elementalist on Dec 18, 2021.
             Succumbed to an adder's poison
             ... on level 2 of the Dungeon.
             The game lasted 00:04:10 (1774 turns).

AigisTheKnight the Gusty (DrAE)                     Turns: 1774, Time: 00:04:10

Health: 0/27       AC:  5    Str:  8    XL:     3   Next: 69%
Magic:  1/6        EV: 12    Int: 17    God:
Gold:   65         SH:  0    Dex: 11    Spells: 5/6 levels left

rFire   . . .      SeeInvis .   e - +1 short sword (elec)
rCold   . . .      Faith    .   (no shield)
rNeg    . . .      Spirit   .   (armour unavailable)
rPois   .          Reflect  .   (helmet restricted)
rElec   .          Harm     .   (no cloak)
rCorr   .          Rampage  .   (no gloves)
Will    .....                   (no boots)
Stlth   ++........              (no amulet)
HPRegen 0.09/turn               (no ring)
MPRegen 0.10/turn               (no ring)

@: lethally poisoned (0 -> -4)
A: AC +5, unfitting armour, cold-blooded, hooves 1, passive freeze, weak 1,
noise suppression
a: no special abilities


You were on level 2 of the Dungeon.
You visited 1 branch of the dungeon, and saw 2 of its levels.

You collected 65 gold pieces.

Inventory:

Hand Weapons
 a - a +0 whip
 e - a +1 short sword of electrocution (weapon)
Scrolls
 d - a scroll of fog {unknown}
 f - a scroll of fear {unknown}
Potions
 c - a potion of flight {unknown}


   Skills:
 + Level 0.8 Fighting
 + Level 2.3 Dodging
 + Level 2.2 Stealth
 + Level 2.3 Spellcasting
 + Level 1.7 Conjurations
 + Level 3.3 Air Magic


You had 5 spell levels left.
You knew the following spells:

 Your Spells              Type           Power      Damage    Failure   Level
a - Shock                 Conj/Air       40%        1d5       7%          1

Your spell library contained the following spells:

 Spells                   Type           Power      Damage    Failure   Level
 Static Discharge         Conj/Air       10%        N/A       10%         2
 Swiftness                Air            13%        N/A       14%         3
 Conjure Flame            Conj/Fire      4%         6-21      36%         3
 Airstrike                Air            6%         N/A       43%         4
 Ignite Poison            Fire/Tmut/Pois 2%         N/A       50%         3
 Sticky Flame             Conj/Fire      4%         2d3       78%         4


Dungeon Overview and Level Annotations

Branches:
Dungeon (2/15)

Altars:


Innate Abilities, Weirdness & Mutations

Your plain brown scales are hard. (AC +5)
You cannot fit into any form of body armour.
You are cold-blooded and may be slowed by cold attacks.
You have large cloven feet.
A frigid envelope surrounds you and freezes all who hurt you.
You are weak. (Str -2)
You passively dampen the noise of your surroundings.


Message History

Press: ? - help, Shift-Dir - straight line, f - adder
Aim: an adder (lightly wounded, 48% to hit)
The zap misses the adder.
You feel sick. The adder barely misses you.
You miss the adder.
The adder is lightly wounded.
You feel sick. The adder bites you.
You are more poisoned.
The adder poisons you!
You hit the adder.
The adder is severely wounded.
You feel very sick. The adder bites you. x2
You are lethally poisoned!
The adder poisons you!
Casting: Shock (safe; 7% risk of failure)
Confirm with . or Enter, or press ? or * to list all spells.
You don't have enough magic to cast this spell.
Unknown command.
You hit the adder.
Your tail-slap misses the adder.
The adder is almost dead.
* * * LOW HITPOINT WARNING * * *
You feel very sick. The adder barely misses you.
You miss the adder.
The adder is almost dead.
* * * LOW HITPOINT WARNING * * *
You feel very sick. The adder closely misses you. x2
* * * LOW HITPOINT WARNING * * *
You feel sick.
* * * LOW HITPOINT WARNING * * *
You feel sick.
It was a potion of mutation.
You feel extremely strange.
You feel your surroundings grow quieter.
You feel weaker.
Your skin feels very cold.
Your feet thicken and deform.
* * * LOW HITPOINT WARNING * * *
You feel sick. The adder bites you but does no damage.
The adder is very cold.
You kill the adder!
Unknown command.
You die...

###.#..........#. .........
...............+. .........
###............#. #........
.##....#.......#.##........
.##............#...........
.#####.........#...........
... #.........##........#
... ##............†......#
................@..#.......
##...............#####....#
.................... .#+#
......#.............. ..
..####................ ..
..# #...........#.... . ..#
#...........#.... .....
........#..... .....


There were no monsters in sight!

Vanquished Creatures
  2 adders (D:2)
  5 bats (D:1)
  2 endoplasms (D:1)
  4 giant cockroaches (D:1)
  3 goblins
  5 hobgoblins
  2 quokkas (D:1)
  4 ball pythons (D:1)
  3 frilled lizards
  3 kobolds
  2 rats (D:1)
35 creatures vanquished.

Notes
Turn   | Place    | Note
-------+----------+-------------------------------------------
     0 | D:1      | AigisTheKnight the Draconian Air Elementalist began the
                  | quest for the Orb.
     0 | D:1      | Reached XP level 1. HP: 14/14 MP: 3/3
   301 | D:1      | You fall into a shaft and drop 1 floor!
   422 | D:1      | Reached XP level 2. HP: 14/20 MP: 5/5
   890 | D:1      | Found a faded altar of an unknown god.
  1204 | D:1      | Reached XP level 3. HP: 16/27 MP: 6/6
  1773 | D:2      | Gained mutation: You passively dampen the noise of your
                  | surroundings. [potion of mutation]
  1773 | D:2      | Gained mutation: You are weak. (Str -2) [potion of
                  | mutation]
  1773 | D:2      | Gained mutation: A frigid envelope surrounds you and
                  | freezes all who hurt you. [potion of mutation]
  1773 | D:2      | Gained mutation: You have large cloven feet. [potion of
                  | mutation]
  1773 | D:2      | HP: 1/27 [poisoned by an adder]
  1774 | D:2      | Succumbed to an adder's poison

Illustrated notes

Levels and vault maps discovered:
D:1:      sevenhm_arrival_forest_fort_large_2, layout_basic,
          nicolae_ecumenical_snake_handling, hex_medium, supply_closet_lemuel,
          hangedman_decor_clover_reticule
D:2:      layout_basic, uniq_jessica

Skill      XL: |  1  2 |
---------------+-------+-----
Stealth        | 2 |  2.2
Dodging        | 2 |  2.3
Fighting       | |  0.8
Spellcasting   | |  2.3
Conjurations   | |  1.7
Air Magic      | |  3.3

Action                   || total
-------------------------++-------
Melee: Unarmed           ||    19
       Whip              ||    83
       Tailslap          ||     5
       Short sword       ||     4
 Cast: Shock             ||    34
  Use: Potion            ||     1
 Stab: Sleeping          ||     3
Armor: Skin              ||    31
Dodge: Dodged            ||    63

Table legend: (Time is in decaauts)
 A = Elapsed time spent in this place.
 B = Non-inter-level travel time spent in this place.
 C = Inter-level travel time spent in this place.
 D = Time resting spent in this place.
 E = Time spent auto-exploring this place.
 F = Levels seen in this place.
 G = Mean time per level.
                   A        B        C        D        E       F      G
               +--------+--------+--------+--------+--------+-----+--------+
         Total |   1785 |   1742 |     43 |      0 |   1346 |   2 |  892.5 |
       Dungeon |   1785 |   1742 |     43 |      0 |   1346 |   2 |  892.5 |
               +--------+--------+--------+--------+--------+-----+--------+

Top non-repeatable levels by time:
     D:1: 1622 daAuts
     D:2: 162 daAuts
